 Dungeon Crawl Stone Soup version 0.28.0-43-g3370ac3207 (webtiles) character file.

Game seed: 16548041184445514660

39 jimonade the Quickloader (level 3, 0/25 HPs)
             Began as a Gnoll Wanderer on Mar 15, 2022.
             Slain by a jackal (1 damage)
             ... on level 2 of the Dungeon.
             The game lasted 00:03:23 (1256 turns).

jimonade the Quickloader (Gnoll Wanderer)           Turns: 1256, Time: 00:03:24

Health: 0/25       AC:  3    Str: 12    XL:     3   Next: 45%
Magic:  7/7        EV: 10    Int:  9    God:
Gold:   20         SH:  5    Dex: 14    Spells: 7/7 levels left

rFire   . . .      SeeInvis .   j - +1 dagger (venom)
rCold   . . .      Faith    .   d - +0 buckler
rNeg    . . .      Spirit   .   e - +0 leather armour
rPois   .          Reflect  .   (no helmet)
rElec   .          Harm     .   (no cloak)
rCorr   .          Rampage  .   (no gloves)
Will    .....                   (no boots)
Stlth   +.........              (no amulet)
HPRegen 0.08/turn               (no ring)
MPRegen 0.10/turn               (no ring)

@: no status effects
A: fangs 1, strong nose, distributed training
a: no special abilities


You were on level 2 of the Dungeon.
You visited 1 branch of the dungeon, and saw 2 of its levels.

You collected 20 gold pieces.

Inventory:

Hand Weapons
 a - a +2 hand crossbow
 c - a +0 mace
 j - a +1 dagger of venom (weapon)
Missiles
 b - 21 bolts
 i - 22 stones
Armour
 d - a +0 buckler (worn)
 e - a +0 leather armour (worn)
Scrolls
 f - a scroll of fog {unknown}
 g - 2 scrolls of identify {unknown}
Potions
 h - a potion of mutation {unknown}


   Skills:
 + Level 0.8 Fighting
 + Level 0.8 Short Blades
 + Level 0.8 Long Blades
 + Level 0.8 Axes
 + Level 2.6 Maces & Flails
 + Level 0.8 Polearms
 + Level 0.8 Staves
 + Level 0.8 Slings
 + Level 0.8 Bows
 + Level 8.5 Crossbows
 + Level 0.8 Throwing
 + Level 0.8 Armour
 + Level 0.8 Dodging
 + Level 0.8 Stealth
 + Level 4.5 Shields
 + Level 0.8 Unarmed Combat
 + Level 2.8 Spellcasting
 + Level 0.5 Conjurations
 + Level 0.5 Hexes
 + Level 0.5 Summonings
 + Level 0.5 Necromancy
 + Level 0.5 Translocations
 + Level 0.5 Transmutations
 + Level 0.5 Fire Magic
 + Level 0.5 Ice Magic
 + Level 0.5 Air Magic
 + Level 0.5 Earth Magic
 + Level 0.5 Poison Magic
 + Level 2.6 Invocations
 + Level 2.6 Evocations


You had 7 spell levels left.
You didn't know any spells.
Your spell library was empty.

Dungeon Overview and Level Annotations

Branches:
Dungeon (2/15)

Altars:


Innate Abilities, Weirdness & Mutations

You have very sharp teeth.
Your uncanny sense of smell can sniff out nearby items.
Your experience applies equally to all skills.


Message History

The jackal bites you but does no damage.
You hit the jackal but do no damage. The jackal misses you.
You block the jackal's attack. The jackal closely misses you.
The jackal bites you. The jackal barely misses you.
The jackal bites you but does no damage.
You hit the jackal.
The jackal is moderately wounded.
The jackal barely misses you. The jackal misses you. The jackal bites you.
You hit the jackal.
The jackal is poisoned.
The jackal is heavily wounded.
The jackal bites you but does no damage. x2
The jackal bites you. x2
You hit the jackal.
The jackal looks as sick as possible!
The jackal is severely wounded.
You kill the jackal!
The jackal bites you but does no damage.
The jackal bites you. The jackal misses you.
You are too injured to fight recklessly!
You are too injured to fight recklessly!
You are too injured to fight recklessly!
You are too injured to fight recklessly!
You miss the jackal. The jackal bites you. x2
You barely miss the jackal.
The jackal pauses to sniff the ground.
The jackal bites you.
The jackal bites you but does no damage.
The jackal bites you.
* * * LOW HITPOINT WARNING * * *
You hit the jackal.
The jackal is poisoned.
The jackal is moderately wounded.
The jackal bites you but does no damage.
The jackal bites you.
* * * LOW HITPOINT WARNING * * *
The jackal misses you.
You hit the jackal but do no damage.
The jackal looks as sick as possible!
The jackal is heavily wounded.
The jackal closely misses you. The jackal bites you.
* * * LOW HITPOINT WARNING * * *
The jackal bites you.
You die...

........# #.# ##
........# #.######
........###.).....
..................
#######.###.....## .
###.###.#.....
...########.....#.#.#...
.......h......#.#.#.#...
∆ #h@..?...#.#.#.# ..
#.####.#.# #.#.. .. #.
#...# #.# #. ##### #. #.
#. #.


You could see 2 jackals.

Vanquished Creatures
  2 dart slugs
  An orc (D:2)
  3 ball pythons (D:1)
  3 bats
  An endoplasm (D:1)
  A giant cockroach (D:1)
  2 goblins (D:1)
  2 hobgoblins
  5 jackals (D:2)
  4 kobolds
  A quokka (D:1)
  A frilled lizard (D:1)
  A rat (D:1)
27 creatures vanquished.

Notes
Turn   | Place    | Note
-------+----------+-------------------------------------------
     0 | D:1      | jimonade the Gnoll Wanderer began the quest for the Orb.
     0 | D:1      | jimonade set off with the following items: a +2 hand
                  | crossbow, 23 bolts, a +0 mace, a +0 buckler, a +0 leather
                  | armour
     0 | D:1      | Reached XP level 1. HP: 13/13 MP: 4/4
   178 | D:1      | Reached XP level 2. HP: 11/19 MP: 5/5
   462 | D:1      | Found a faded altar of an unknown god.
   976 | D:2      | Reached XP level 3. HP: 21/25 MP: 7/7
  1256 | D:2      | HP: 1/25 [jackal (3)]
  1256 | D:2      | Slain by a jackal

Illustrated notes

Levels and vault maps discovered:
D:1:      lemuel_arrival_room, layout_loops_ring,
          dreamdust_ecumenical_altar_angels_and_demons,
          minmay_misc_feat_more_columns, item_on_display_a
D:2:      layout_basic

Action                   || total
-------------------------++-------
Melee: Dagger            ||    36
       Bite              ||     2
 Fire: Hand crossbow     ||    35
 Stab: Sleeping          ||     1
Armor: Leather armour    ||    22
Dodge: Dodged            ||    25
Block: Buckler           ||    13
